 Dungeon Crawl Stone Soup version 0.19-a0-1931-gf4bb0bd (webtiles) character file.

884 GordonOverkill the Conjurer (level 7, -2/50 HPs)
             Began as a White Draconian Fire Elementalist on Oct 25, 2016.
             Was a Follower of Vehumet.
             Slain by an orc warrior
             ... wielding a +2 war axe of freezing
              (6 damage)
             ... on level 5 of the Dungeon.
             The game lasted 00:19:43 (5908 turns).

GordonOverkill the Conjurer (DrFE)                  Turns: 5908, Time: 00:19:44

Health: -2/50      AC: 17    Str: 10    XL:     7   Next: 76%
Magic:  4/14       EV: 12    Int: 18    God:    Vehumet [*.....]
Gold:   120        SH:  0    Dex: 11    Spells: 3 memorised, 8 levels left

rFire  . . .     SeeInvis .     b - +0 blowgun (curse)
rCold  + . .     Gourm    .     (armour unavailable)
rNeg   . . .     Faith    .     (no shield)
rPois  .         Spirit   .     (helmet restricted)
rElec  .         Reflect  .     f - +0 cloak
rCorr  .         Harm     .     s - +2 pair of gloves
MR     .....                    (no boots)
Stlth  ++........               (no amulet)
                                e - +3 ring of protection
                                k - +4 ring of protection

@: no status effects
A: breathe frost, unfitting armour, cold resistance 1, cold-blooded, AC +6
a: Breathe Frost, Renounce Religion


You were on level 5 of the Dungeon.
You worshipped Vehumet.
Vehumet was aware of your devotion.
You were not hungry.

You visited 1 branch of the dungeon, and saw 5 of its levels.

You collected 120 gold pieces.

Inventory:

Hand Weapons
 a - a +2 flail of protection
 b - a cursed +0 blowgun (weapon)
Missiles
 r - 36 poisoned needles (quivered)
 y - 7 needles of confusion
Armour
 f - a +0 cloak (worn)
 s - a +2 pair of gloves (worn)
Jewellery
 e - a +3 ring of protection (right hand)
 k - a +4 ring of protection (left hand)
Wands
 w - a wand of flame (22/48)
Scrolls
 i - 5 scrolls of amnesia
 l - a scroll of enchant weapon
 m - a scroll of fog
 n - a scroll of teleportation
Potions
 d - 3 potions of might {unknown}
 j - a potion of resistance {unknown}
 p - a potion of berserk rage {unknown}
 t - 6 potions of heal wounds
 u - 3 potions of curing {unknown}
 v - 2 potions of agility {unknown}
Books
 h - a book of Flames

   Spells                             Type                      Level
   a - Flame Tongue                   Conjuration/Fire             1
   b - Throw Flame                    Conjuration/Fire             2
   c - Conjure Flame                  Conjuration/Fire             3
   d - Inner Flame                    Hexes/Fire                   3
   e - Sticky Flame                   Conjuration/Fire             4
   f - Fireball                       Conjuration/Fire             5
Comestibles
 c - 5 chunks of flesh
 o - a royal jelly
 q - 3 bread rations
 x - 2 beef jerkies


   Skills:
 - Level 1.7 Dodging
 - Level 1.7 Stealth
 + Level 5.1 Spellcasting
 + Level 5.6 Conjurations
 - Level 4.2 Fire Magic


You had 8 spell levels left.
You knew the following spells:

 Your Spells              Type           Power        Failure   Level  Hunger
a - Flame Tongue          Conj/Fire      ###..        1%          1    None
b - Conjure Flame         Conj/Fire      ###.....     6%          3    ##.....
c - Sticky Flame          Conj/Fire      ###.....     21%         4    ####...


Dungeon Overview and Level Annotations

Branches:
Dungeon (5/15)
 Temple: D:4-7

Altars:
Cheibriados
Makhleb
Okawaru
Trog
Vehumet
Zin
The Shining One

Annotations:
D:5 TugoseryaHuesosov's ghost, novice DsGl


Innate Abilities, Weirdness & Mutations

You can breathe waves of freezing cold.
You can buffet flying creatures when you breathe cold.
Your icy white scales are hard. (AC +6)
You cannot fit into any form of body armour.
Your flesh is cold resistant. (rC+)
You are cold-blooded and may be slowed by cold attacks.


Message History

Confirm with . or Enter, or press ? or * to list all spells.
You don't have enough magic to cast that spell.
Unknown command.
Unknown command.
Casting: Sticky Flame
Confirm with . or Enter, or press ? or * to list all spells.
You don't have enough magic to cast that spell.
Unknown command.
The orc warrior looks more healthy.
The orc warrior hits you with a war axe of freezing!!
Ouch! That really hurt!
* * * LOW HITPOINT WARNING * * *
The orc warrior freezes you.
* * * LOW HITPOINT WARNING * * *
The orc warrior closely misses you.
There is an open door here.
You see here a tomahawk.
You see here a robe.
The orc warrior hits you with a war axe of freezing.
You die...

........#.........#..#..
.####...#.........#+###'
........#########....##.
#.####.....[)...#....#..
##..........#....#..
#...........#....'.. .8o
#...........#....#.. o8.(
#...####'####....### #(..#
#..@####)##.###.....
...##...o#........#.....
.o.##..[(........#.....
#..#..###########.....
######.#)(##..........####
......)(...'..........#...
o.#...#....#..........'...
#.. #.(..# .........#...
#. ###### ........####


You could see an orc warrior.

Vanquished Creatures
  Grinder (D:3)
  Eustachio (D:4)
  A sky beast (D:5)
  An ogre (D:5)
  A howler monkey (D:5)
  2 hounds
  3 orc wizards
  A worker ant (D:3)
  4 gnolls
  4 adders
  2 oozes
  2 worms
  3 dart slugs
  3 leopard geckos
  7 orcs
  4 giant cockroaches
  6 goblins
  7 hobgoblins
  11 jackals
  A quokka (D:2)
  A ball python (D:1)
  8 bats
  5 frilled lizards
  7 kobolds
  5 rats
91 creatures vanquished.

Notes
Turn   | Place    | Note
-------+----------+-------------------------------------------
     0 | D:1      | GordonOverkill the Draconian Fire Elementalist began the quest for the Orb.
     0 | D:1      | Reached XP level 1. HP: 14/14 MP: 3/3
   248 | D:1      | Reached XP level 2. HP: 20/20 MP: 1/5
   649 | D:1      | Reached XP level 3. HP: 18/26 MP: 1/6
   654 | D:1      | Learned a level 3 spell: Conjure Flame
  1616 | D:2      | Found a radiant altar of Vehumet.
  1638 | D:2      | Became a worshipper of Vehumet
  2017 | D:2      | Reached XP level 4. HP: 33/33 MP: 3/7
  2236 | D:2      | Found a glowing golden altar of the Shining One.
  2304 | D:2      | Reached skill level 5 in Fire Magic
  2642 | D:3      | Noticed Grinder
  2970 | D:3      | Found a bloodstained altar of Trog.
  3435 | D:3      | Reached XP level 5. HP: 31/38 MP: 3/8
  3482 | D:2      | Learned a level 4 spell: Sticky Flame
  3745 | D:3      | Reached * piety under Vehumet
  3745 | D:3      | Offered knowledge of Sting by Vehumet.
  3974 | D:3      | Killed Grinder
  3974 | D:3      | Reached skill level 5 in Conjurations
  3974 | D:3      | Reached XP level 6. HP: 27/45 MP: 2/9
  4544 | D:3      | Found an iron altar of Okawaru.
  4544 | D:3      | Found a snail-covered altar of Cheibriados.
  4600 | D:4      | Noticed Eustachio
  4613 | D:4      | Killed Eustachio
  4613 | D:4      | Your scales start taking on an icy white colour.
  4613 | D:4      | Reached XP level 7. HP: 48/50 MP: 3/12
  4613 | D:4      | Gained mutation: Your flesh is cold resistant. (rC+) [White Draconian growth]
  4629 | D:4      | Found a glowing silver altar of Zin.
  4963 | D:5      | Entered Level 5 of the Dungeon
  4963 | D:5      | Found a burning altar of Makhleb.
  5316 | D:5      | Noticed TugoseryaHuesosov's ghost (novice DsGl)
  5839 | D:5      | Reached skill level 5 in Spellcasting
  5898 | D:5      | HP: 2/50 [orc warrior/war axe of freezing (2)]
  5908 | D:5      | Slain by an orc warrior

Vault maps used:
D:1:      lightli_arrival_flooded_house
D:2:      lemuel_doored_altar, lemuel_crystal_altar
D:3:      lightli_temple_of_fire, nicolae_overflow_hidden_temple, first_bread,
          uniq_grinder
D:4:      marbit_many_paths, roderic_serpentine_path, uniq_eustachio
D:5:      basic_altar, roderic_hopi_sauvastika, guppyfry_early_orc_mine

Skill      XL: |  1  2  3  4  5  6  7 |
---------------+----------------------+-----
Fire Magic     | 4 5 4 |  4.2
Conjurations   | 2 5 |  5.6
Spellcasting   | 3 5 |  5.1
Dodging        | |  1.7
Stealth        | |  1.7

Action                   |  1- 3 |  4- 6 |  7- 9 || total
-------------------------+-------+-------+-------++-------
Melee: Unarmed           |     6 |       |       ||     6
       Club              |     6 |       |       ||     6
       Short sword       |    10 |    22 |    51 ||    83
       Tailslap          |     1 |       |     5 ||     6
 Fire: Blowgun           |       |       |    14 ||    14
 Cast: Flame Tongue      |    76 |    73 |    20 ||   169
       Sticky Flame      |       |     6 |     6 ||    12
       Conjure Flame     |       |     1 |       ||     1
  Use: Scroll            |       |    10 |     2 ||    12
 Stab: Sleeping          |       |       |     1 ||     1
  Eat: Chunk             |     5 |    10 |     6 ||    21
Armor: Skin              |    29 |    23 |    38 ||    90
Dodge: Dodged            |    52 |    51 |    39 ||   142
